 Dungeon Crawl Stone Soup version 0.32-a0-975-g85d4e5bfdb (webtiles) character file.

Game seed: 12602697543838047069

954 Shayle the Apothecary (level 8, -1/54 HPs)
             Began as a Coglin Alchemist on Apr 18, 2024.
             Was an Initiate of Vehumet.
             Slain by an orc
             ... wielding a +0 hand axe
              (5 damage)
             ... on level 6 of the Dungeon.
             The game lasted 00:17:31 (5598 turns).

Shayle the Apothecary (Coglin Alchemist)            Turns: 5598, Time: 00:17:32

Health: -1/54      AC:  2    Str:  8    XL:     8   Next: 14%
Magic:  1/11       EV: 11    Int: 17    God:    Vehumet [......]
Gold:   332        SH:  0    Dex: 15    Spells: 7/11 levels left

rFire   . . .        c - +0 short sword {Gnaeus}
rCold   . . .        f - +0 short sword (drain) {Arun}
rNeg    . . .        a - +0 robe
rPois   .            (no helmet)
rElec   .            (no cloak)
rCorr   .            (no gloves)
SInv    .            (no boots)
Will    .....        (amulet unavailable)
Stlth   ++           (ring unavailable)
HPRegen 0.29/turn    (ring unavailable)
MPRegen 0.12/turn    (no gizmo)

%: no passive effects
@: revved
A: off-hand wielding, slow wielding, warmup strikes, no jewellery
a: Invent Gizmo, Renounce Religion


You were on level 6 of the Dungeon.
You worshipped Vehumet.
Vehumet was noncommittal.
You visited 2 branches of the dungeon, and saw 7 of its levels.

You collected 332 gold pieces.

Inventory:

Hand Weapons
 c - a +0 short sword (weapon) {Gnaeus}
 f - a +0 short sword of draining (offhand) {Arun}
Missiles
 d - a throwing net
 e - 6 poisoned darts (quivered)
Armour
 a - a +0 robe (worn)
Talismans
 n - a storm talisman
Wands
 q - a wand of flame (15)
Scrolls
 k - 2 scrolls of enchant armour
 p - a scroll of immolation
 s - a scroll of identify
Potions
 b - a potion of magic
 g - a potion of invisibility {unknown}
 i - a potion of cancellation {unknown}
 l - 2 potions of attraction {unknown}
 m - a potion of brilliance {unknown}
 o - a potion of enlightenment {unknown}
 r - a potion of berserk rage {unknown}
 t - a potion of ambrosia {unknown}


   Skills:
 - Level 1.4 Fighting
 - Level 2.4 Dodging
 - Level 1.5 Stealth
 - Level 2.3 Spellcasting
 + Level 5.4 Conjurations
 + Level 7.3 Alchemy


You had 7 spell levels left.
You knew the following spells:

 Your Spells              Type           Power      Damage    Failure   Level
a - Sting                 Conj/Alch      92%        1d8       1%          1
b - Mephitic Cloud        Conj/Alch/Air  16%        N/A       10%         3

Your spell library contained the following spells:

 Spells                   Type           Power      Damage    Failure   Level
 Mercury Vapours          Alch/Air       28%        N/A       6%          2
 Olgreb's Toxic Radiance  Alch           27%        N/A       9%          4
 Sticky Flame             Fire/Alch      14%        2d5       38%         4
 Call Canine Familiar     Summ           1%         N/A       50%         3
 Sigil of Binding         Hex            1%         N/A       50%         3
 Dimensional Bullseye     Hex/Tloc       0%         N/A       88%         4


Dungeon Overview and Level Annotations

Branches:
Dungeon (6/15)             Temple (1/1) D:4

Altars:
Ashenzari
Cheibriados
Dithmenos
Elyvilon
Gozag
Hepliaklqana
Kikubaaqudgha
Makhleb
Okawaru
Ru
Sif Muna
Trog
Uskayaw
Vehumet
Wu Jian
Xom
Yredelemnul
Zin
The Shining One

Shops:
D:5 =

Annotations:
D:4 3 runed translucent doors, Shayle's ghost, novice CoAl


Innate Abilities, Weirdness & Mutations

You can wield a second weapon in your off-hand.
It takes a long time for you to wield or remove held weapons.
Your first few attacks do less damage.
You cannot equip rings or amulets.


Message History

The centaur is heavily wounded.
You hit the centaur with your +0 short sword.
The phantom hits you.
The phantom blinks!
You blink.
You barely miss the phantom with your +0 short sword of draining.
The phantom is moderately damaged.
You barely miss the phantom with your +0 short sword.
The phantom hits you.
* * * LOW HITPOINT WARNING * * *
Okay, then.
Okay, then.
Okay, then.
You hit the phantom with your +0 short sword.
The phantom is moderately damaged.
You barely miss the phantom with your +0 short sword of draining.
The phantom misses you.
You hit the phantom but do no damage.
The phantom is moderately damaged.
You hit the phantom but do no damage. The phantom hits you.
* * * LOW HITPOINT WARNING * * *
The phantom blinks!
You blink.
You hit the phantom but do no damage.
The phantom is moderately damaged.
You hit the phantom with your +0 short sword.
The phantom barely misses you.
You closely miss the phantom with your +0 short sword.
The phantom is moderately damaged.
You closely miss the phantom with your +0 short sword of draining.
The phantom hits you.
* * * LOW HITPOINT WARNING * * *
The phantom blinks!
You blink.
You hit the phantom with your +0 short sword.
The phantom is heavily damaged.
You closely miss the phantom with your +0 short sword of draining.
The phantom hits you.
* * * LOW HITPOINT WARNING * * *
The phantom blinks!
You blink.
You hit the orc but do no damage.
You closely miss the orc with your +0 short sword of draining.
The phantom barely misses you. The orc hits you with a +0 hand axe.
You die...

.....##)#
.#######.##.#
......##..o.#
.........#..#
.####...###...
......#.#
#...#
.####.#.#
#..... # #o#
#...#.# #@#
#..>.... #W#
.#..... #ยง#
#.# #.# #.#
#.# #.# ...


You could see a phantom and an orc.

Vanquished Creatures
  A water moccasin (D:6)
  A sky beast (D:5)
  2 ogres
  A bullfrog (D:5)
  A scorpion (D:4)
  A hound (D:6)
  2 jellies (D:5)
  An orc priest (D:5)
  A sleepcap (D:6)
  2 iguanas
  3 orc wizards (D:5)
  9 adders
  A gnoll (D:5)
  2 ufetubi (D:5)
  2 dart slugs
  7 orcs
  9 ball pythons
  9 endoplasms
  3 giant cockroaches
  11 goblins
  9 hobgoblins
  4 jackals (D:2)
  6 kobolds
  6 quokkas
  3 bats (D:1)
  4 frilled lizards
  A rat (D:1)
102 creatures vanquished.

Notes
Turn   | Place    | Note
-------+----------+-------------------------------------------
     0 | D:1      | Shayle the Coglin Alchemist began the quest for the Orb.
     0 | D:1      | Reached XP level 1. HP: 13/13 MP: 3/3
    34 | D:1      | Reached skill level 1 in Conjurations
   165 | D:1      | Reached XP level 2. HP: 20/20 MP: 2/4
   579 | D:1      | Reached XP level 3. HP: 25/25 MP: 1/6
   772 | D:1      | Reached skill level 1 in Fighting
  1233 | D:2      | Found a shimmering blue altar of Sif Muna.
  1316 | D:2      | Reached XP level 4. HP: 26/32 MP: 7/7
  2053 | D:3      | Learned a level 3 spell: Mephitic Cloud
  2066 | D:3      | Reached skill level 4 in Alchemy
  2175 | D:4      | Noticed a scorpion
  2220 | D:4      | Killed a scorpion
  2221 | D:4      | Reached XP level 5. HP: 37/37 MP: 3/8
  2434 | D:4      | Found a broken altar of Ashenzari.
  2564 | D:4      | Found a runed translucent gate.
  2566 | D:4      | Found a runed translucent gate.
  2567 | D:4      | Found a runed translucent gate.
  2568 | D:4      | Noticed Shayle's ghost (novice CoAl)
  2582 | D:4      | Noticed an ogre
  2595 | D:4      | Killed an ogre
  2596 | D:4      | Reached skill level 5 in Alchemy
  2596 | D:4      | Reached XP level 6. HP: 18/43 MP: 1/9
  2942 | D:4      | Found a staircase to the Ecumenical Temple.
  2950 | Temple   | Entered the Ecumenical Temple
  2956 | Temple   | Became a worshipper of Vehumet
  3849 | D:5      | Entered Level 5 of the Dungeon
  3987 | D:5      | Noticed a black bear
  4157 | D:5      | Reached skill level 6 in Alchemy
  4157 | D:5      | Reached XP level 7. HP: 36/48 MP: 1/10
  4407 | D:5      | Found Huanuru's One-of-a-Kind Rings.
  4464 | D:5      | Found a basalt altar of Yredelemnul.
  4466 | D:5      | Found a glowing silver altar of Zin.
  5420 | D:6      | Reached skill level 5 in Conjurations
  5420 | D:6      | Reached skill level 7 in Alchemy
  5562 | D:6      | Reached XP level 8. HP: 34/54 MP: 2/11
  5598 | D:6      | Slain by an orc

Illustrated notes

Levels and vault maps discovered:
D:1:      dpeg_arrival_round_a, layout_basic, minmay_misc_feat_pillars,
          hangedman_decor_lopped
D:2:      layout_basic, basic_altar
D:3:      layout_basic
D:4:      layout_loops_ring, nicolae_overflow_hidden_temple, temple_green,
          ebering_ghost_rock_garden, serial_library_hellmonk_small_corner,
          grunt_decor_junction, minmay_close_crescents
D:5:      layout_basic, nicolae_overflow_squiral, nicolae_shop_unique_rings,
          sigmund_army
D:6:      layout_basic, fedhas_bush_and_centaur_altar, kennysheep_generic_room_2
Temple:   kb_temple_of_zot

Skill      XL: |  1  2  3  4  5  6  7 |
---------------+----------------------+-----
Conjurations   | 1 2 3 4 5 |  5.4
Dodging        | 2 |  2.4
Spellcasting   | 2 |  2.3
Fighting       | 1 |  1.4
Alchemy        | 4 5 6 7 |  7.3
Stealth        | |  1.5

Action                     |  1- 3 |  4- 6 |  7- 9 || total
---------------------------+-------+-------+-------++-------
  Melee: Short sword       |    75 |   122 |   146 ||   343
  Throw: Dart              |     5 |       |       ||     5
   Cast: Sting             |    39 |    47 |    14 ||   100
         Mephitic Cloud    |       |     6 |     2 ||     8
  Evoke: Wand              |       |       |    12 ||    12
    Use: Scroll            |     4 |     3 |     4 ||    11
         Potion            |       |     1 |     3 ||     4
   Stab: Sleeping          |     2 |     1 |       ||     3
         Confused          |       |     6 |     1 ||     7
         Distracted        |       |     1 |       ||     1
 Armour: Robe              |    34 |    33 |    58 ||   125
  Dodge: Dodged            |    28 |    46 |    56 ||   130

Table legend: (Time is in decaauts)
 A = Elapsed time spent in this place.
 B = Non-inter-level travel time spent in this place.
 C = Inter-level travel time spent in this place.
 D = Time resting spent in this place.
 E = Time spent auto-exploring this place.
 F = Levels seen in this place.
 G = Mean time per level.
                   A        B        C        D        E       F      G
               +--------+--------+--------+--------+--------+-----+--------+
         Total |   5600 |   5475 |    125 |    946 |   3302 |   7 |  800.0 |
       Dungeon |   5587 |   5462 |    125 |    946 |   3302 |   6 |  931.2 |
        Temple |     12 |     12 |      0 |      0 |      0 |   1 |   12.0 |
               +--------+--------+--------+--------+--------+-----+--------+

Top non-repeatable levels by time:
     D:5: 1371 daAuts
     D:4: 1189 daAuts
     D:3: 1129 daAuts
     D:1: 1063 daAuts
     D:2: 643 daAuts
     D:6: 190 daAuts
  Temple: 12 daAuts
